AoeStats
← {WaZzU'P} Recluta4!

Arena

504113529Analyzed
2v2 RM · 29d ago on Sep 4, 2026· 34m 56s· 4 players
Game mode
Random Map
Map size
Medium (4 player)
Population
200
Speed
Normal
Resources
Standard
Victory
Conquest
Starting age
Dark Age
Ending age
Imperial Age
RankedLock teamsTeams togetherTeam positionsShared explorationLock speedFull tech treeHidden civsTurbo modeCheats
Victory
Defeat
🇺🇸 Malians · United States
1173
+14
🇨🇭 Vikings · Switzerland
1096
+17
🇹🇼 Mongols · Taiwan
1132
-16
🇳🇴 Gurjaras · Norway
1116
-15
langotriel
9:56 Feudal Age
10:30 Feudal Age
14:23 Castle Age
12:43 Double-Bit Axe
13:13 Horse Collar
17:17 Loom
24:46 Wheelbarrow
25:59 Heavy Plow
26:35 Bow Saw
27:20 Hand Cart
27:17 Town Watch
31:10 Imperial Age
29:16 Forging
29:06 Scale Mail Armor
29:40 Kshatriyas
30:47 Iron Casting
30:13 Gold Mining
30:57 Fletching
32:33 Conscription
32:33 Chain Mail Armor
椰子
11:12 Feudal Age
15:33 Castle Age
14:53 Loom
17:48 Double-Bit Axe
18:19 Fletching
21:51 Horse Collar
25:59 Bodkin Arrow
27:24 Bow Saw
30:25 Padded Archer Armor
34:59 Imperial Age
{WaZzU'P} GranPolo
10:19 Feudal Age
15:18 Castle Age
13:54 Double-Bit Axe
15:24 Fletching
16:29 Crossbowman
17:30 Town Watch
18:14 Padded Archer Armor
23:31 Ballistics
24:03 Bodkin Arrow
27:52 Leather Archer Armor
29:08 Horse Collar
35:33 Imperial Age
34:19 Gold Mining
34:23 Stone Mining
34:51 Town Patrol
{WaZzU'P} Recluta4!
11:01 Feudal Age
14:42 Castle Age
12:49 Double-Bit Axe
13:11 Horse Collar
15:46 Bow Saw
15:37 Heavy Plow
19:41 Town Watch
21:16 Wheelbarrow
20:33 Loom
21:07 Gold Mining
21:10 Stone Mining
21:14 Gold Mining
23:55 Hand Cart
23:45 Scale Mail Armor
28:12 Imperial Age
26:21 Squires
25:43 Man-at-Arms
26:30 Town Patrol
26:27 Pikeman
26:53 Arson
27:50 Forging
27:56 Chain Mail Armor
27:07 Long Swordsman
29:22 Iron Casting
29:46 Conscription
28:51 Two-Handed Swordsman
30:10 Plate Mail Armor
29:32 Capped Ram
31:12 Champion
31:13 Champion
Connection lost

Rejoining the realm…

Still unreachable

The connection could not be restored.

Session expired

The server has moved on; the page needs a fresh start.